AoeStats
← RATMAN

Arena

504383672Analyzed
2v2 RM · 27d ago on Sep 5, 2026· 49m 8s· 4 players
Game mode
Random Map
Map size
Medium (4 player)
Population
200
Speed
Normal
Resources
Standard
Victory
Conquest
Starting age
Dark Age
Ending age
Imperial Age
RankedLock teamsTeams togetherTeam positionsShared explorationLock speedFull tech treeHidden civsTurbo modeCheats
Victory
Defeat
🇨🇦 Bohemians · Canada
745
+13
🇨🇦 Britons · Canada
654
+15
🇺🇸 Portuguese · United States
639
-13
🇺🇸 Spanish · United States
636
-13
RATMAN
12:36 Feudal Age
17:10 Wheelbarrow
21:06 Castle Age
19:27 Double-Bit Axe
20:49 Horse Collar
23:07 Bow Saw
24:01 Bloodlines
23:59 Heavy Plow
28:24 Hand Cart
29:08 Scale Barding Armor
36:00 Imperial Age
36:05 Padded Archer Armor
36:29 Chain Barding Armor
36:10 Scale Mail Armor
36:02 Fletching
37:43 Elite Conquistador
39:21 Town Watch
39:21 Cavalier
41:47 Town Patrol
41:56 Murder Holes
41:50 Arrowslits
43:10 Chemistry
44:40 Thumb Ring
neonraven
13:25 Feudal Age
11:40 Loom
17:55 Castle Age
17:08 Double-Bit Axe
17:06 Horse Collar
17:18 Gold Mining
17:21 Stone Mining
32:44 Wheelbarrow
35:49 Imperial Age
36:19 Elite Organ Gun
37:18 Caravan
39:09 Arquebus
39:15 Arquebus
40:08 Ballistics
40:49 Chemistry
41:43 Hand Cart
41:16 Town Watch
FAFO
9:50 Feudal Age
11:43 Wheelbarrow
11:43 Double-Bit Axe
12:38 Horse Collar
18:47 Castle Age
19:46 Hand Cart
19:48 Bow Saw
23:24 Fletching
23:34 Padded Archer Armor
23:31 Gold Mining
26:03 Pikeman
27:43 Squires
29:13 Bodkin Arrow
29:33 Leather Archer Armor
30:15 Crossbowman
32:26 Gold Shaft Mining
31:42 Stone Mining
33:33 Forging
33:25 Scale Mail Armor
37:13 Imperial Age
37:01 Ballistics
38:55 Halberdier
39:46 Arbalester
43:08 Bracer
43:38 Ring Archer Armor
45:45 Arson
46:29 Conscription
48:22 Yeomen
48:52 Warwolf
Cassius Thundercock
7:54 Loom
10:32 Feudal Age
11:56 Wheelbarrow
11:21 Double-Bit Axe
11:51 Horse Collar
21:20 Castle Age
22:42 Hand Cart
22:42 Bow Saw
27:18 Chemistry
26:21 Pikeman
27:53 Fletching
29:45 Squires
31:08 Caravan
37:46 Heavy Plow
40:23 Coinage
42:24 Forging
42:11 Bodkin Arrow
42:16 Padded Archer Armor
42:16 Scale Mail Armor
47:37 Imperial Age
48:32 Iron Casting
48:12 Leather Archer Armor
Connection lost

Rejoining the realm…

Still unreachable

The connection could not be restored.

Session expired

The server has moved on; the page needs a fresh start.